Map: Ascension to Aiur LE

Players

SgtPepper

  • Race: Terran Terran
  • Spawn Location: 5:00

SamuraiFunn - Winner!

  • Race: Protoss Protoss
  • League: Platinum
  • Spawn Location: 11:00

VOD

Have the link to the VOD?

Description

Time

  • Played on: Nov. 25, 2017, 6:58 p.m.
  • Length: 14:10
Show
View Real Time Build Order
Export as new Build Order

SgtPepper Terran 

Build Orders:  

Get SALT Encoding   

  12  0:03  SCV  
  13  0:16  Supply Depot  
  13  0:17  SCV  
  14  0:29  SCV  
  15  0:39  Refinery  
  15  0:41  SCV  
  16  0:56  SCV  
  17  1:01  Barracks  
  17  1:08  SCV  
  18  1:20  SCV  
  20  1:32  SCV  
  20  1:57  Engineering Bay  
  20  1:58  Supply Depot  
  20  1:59  Marine  
  21  2:08  Orbital Command  
  21  2:17  Marine  
  22  2:25  Factory  
  22  2:31  Supply Depot  
  22  2:35  Barracks Tech Lab, Supply Depot  
  22  3:08  Missile Turret  
  22  3:25  Factory Tech Lab  
  22  3:26  Starport  
  22  3:27  Marine  
  22  3:31  Stimpack  
  23  3:42  Refinery  
  23  3:45  Marine  
  24  3:52  Command Center  
  24  4:03  Marine  
  25  4:14  Siege Tank  
  28  4:21  Marine, Refinery  
  29  4:39  Marine  
  29  4:41  Starport Tech Lab  
  29  4:42  Missile Turret  
  30  4:47  Armory  
  30  5:13  Siege Tank  
  33  5:29  SCV  
  34  5:41  SCV, Smart Servos  
  35  5:53  SCV  
  36  6:03  Marine  
  37  6:05  SCV  
  38  6:17  SCV  
  39  6:20  Marine  
  39  6:22  Missile Turret  
  40  6:27  Viking  
  40  6:29  SCV  
  43  6:38  Marine, Fusion Core  
  44  6:41  SCV  
  45  6:53  SCV  
  46  6:56  Marine  
  46  6:57  Viking  
  49  7:05  SCV  
  50  7:13  Thor, Starport  
  56  7:21  Terran Ship Weapons Level 1  
  56  7:27  Viking, Refinery  
  58  7:42  Missile Turret  
  58  7:56  Thor  
  64  8:00  SCV  
  65  8:07  Starport Tech Lab  
  65  8:13  SCV  
  66  8:25  Starport  
  66  8:43  Raven  
  68  8:57  Supply Depot, Orbital Command  
  68  9:15  Terran Vehicle And Ship Armor Level 1  
  68  9:16  Supply Depot  
  68  9:19  Thor  
  74  9:38  Battlecruiser x2  
  86  9:40  Supply Depot  
  86  9:49  Starport Tech Lab  
  86  9:55  Missile Turret  
  86  10:11  Marine  
  87  10:16  Supply Depot  
  87  10:23  Thor  
  93  10:28  Marine  
  94  10:44  Banshee  
  94  10:46  Marine  
  98  10:50  Viking  
  100  11:04  Marine  
  101  11:12  Supply Depot  
  101  11:22  Marine  
  102  11:33  Battlecruiser  
  108  11:42  Supply Depot  
  108  11:51  Supply Depot  
  108  11:54  Supply Depot  
  108  12:03  Battlecruiser  
  114  12:24  Weapon Refit  
  120  12:30  Battlecruiser  
Show
View Real Time Build Order
Export as new Build Order

SamuraiFunn Protoss - Winner!

Build Orders: 1 Gate Expand, Blink Stalkers 

Get SALT Encoding   

  12  0:01  Probe  
  13  0:18  Pylon  
  13  0:23  Probe  
  14  0:35  Probe (Chrono Boost)  
  15  0:40  Gateway  
  15  0:47  Probe (Chrono Boost)  
  16  0:54  Probe (Chrono Boost)  
  17  1:01  Probe  
  18  1:13  Probe  
  19  1:22  Nexus  
  19  1:25  Probe  
  20  1:36  Cybernetics Core  
  20  1:41  Probe  
  20  1:47  Pylon  
  21  1:51  Assimilator  
  21  1:54  Zealot  
  23  2:05  Probe  
  24  2:17  Probe  
  24  2:18  Assimilator  
  25  2:34  Pylon  
  25  2:43  Adept  
  27  2:46  Probe x2  
  29  3:00  Probe, Twilight Council  
  29  3:01  Probe  
  31  3:10  Assimilator  
  31  3:13  Probe x2, Warp Gate (Chrono Boost)  
  31  3:14  Assimilator  
  33  3:22  Gateway  
  33  3:25  Probe x2  
  35  3:34  Stalker  
  35  3:37  Probe x2  
  39  3:42  Gateway  
  39  3:44  Blink (Chrono Boost)  
  39  4:01  Probe x2  
  41  4:13  Probe x2  
  41  4:15  Robotics Facility  
  43  4:23  Stalker  
  44  4:34  Probe  
  47  4:46  Probe x2  
  49  4:52  Gateway  
  49  4:54  Gateway  
  49  4:58  Probe  
  48  5:09  Nexus  
  48  5:17  Probe x2  
  50  5:24  Stalker x2  
  50  5:26  Pylon  
  54  5:42  Pylon  
  54  5:43  Pylon  
  54  5:44  Probe x2  
  54  5:47  Pylon  
  56  5:52  Pylon  
  56  5:59  Probe x2  
  56  6:03  Stalker x2  
  56  6:04  Stalker  
  65  6:11  Probe x2  
  65  6:17  Charge  
  65  6:18  Assimilator  
  66  6:20  Observer  
  66  6:22  Assimilator  
  67  6:26  Robotics Facility  
  67  6:27  Robotics Facility  
  67  6:34  Robotics Bay  
  67  6:42  Observer  
  67  6:43  Probe x2  
  70  6:48  Probe  
  71  7:03  Observer  
  71  7:05  Stalker  
  71  7:06  Stalker x4  
  82  7:23  Probe x3  
  82  7:29  Forge  
  85  7:33  Immortal x3  
  97  7:52  Probe x3  
  100  7:58  Gateway  
  100  8:00  Gateway  
  100  8:02  Gateway  
  100  8:08  Pylon  
  100  8:10  Pylon  
  100  8:13  Pylon  
  100  8:16  Protoss Ground Weapons Level 1, Pylon  
  104  8:20  Immortal  
  104  8:21  Templar Archives  
  104  8:22  Probe x2, Forge  
  104  8:23  Probe  
  107  8:47  Psionic Storm  
  107  8:49  Nexus  
  107  8:51  Pylon  
  107  8:54  Pylon  
  107  8:56  Pylon  
  107  8:57  Pylon  
  107  9:01  High Templar x5  
  116  9:22  Stalker x3  
  122  9:28  Protoss Shields Level 1  
  122  9:35  Probe x2, Pylon  
  122  9:38  Robotics Facility, Pylon  
  124  9:42  Robotics Facility  
  124  9:46  Assimilator  
  124  9:50  Assimilator, Extended Thermal Lance  
  124  9:52  Colossus  
  124  9:57  Zealot x6  
  142  10:27  Warp Prism x2  
  146  10:36  Stalker x2  
  146  10:37  Stalker x2  
  146  10:38  Zealot  
  146  10:39  Zealot x3  
  162  10:47  Observer  
  163  11:03  Observer  
  164  11:26  Colossus x3  
  182  12:00  Zealot  
  182  12:01  Zealot x4  
  188  12:02  Zealot x3  
  138  13:03  Stalker x6  
  138  13:04  Stalker  
  136  13:30  Stalker x2  
  136  13:31  Stalker x4  
  136  13:32  Stalker  
  159  13:58  Stalker x6  
  159  13:59  Stalker x2  
Tags
 
Add a new tag
Caveats
  • Supply blocks, unpowered buildings, or Contaminate may cause inaccurate times.
  • Supply counts are checked every 10 seconds.